[Event "Titled Tuesday Blitz April 19 Early 2022"]
[White "Cagara, Paulina"]
[Black "Petrova, Irina"]
[WhiteFideId "1124870"]
[BlackFideId "14124122"]
[WhiteElo "1780"]
[BlackElo "1993"]
[Result "1-0"]
[Round "06"]
[TimeControl "180+1"]
[Date "2022.04.19"]
[WhiteClock "0:00:42"]
[BlackClock "0:00:12"]

1. e4 c5 2. Nc3 Nc6 3. Bb5 Nd4 4. Bc4 g6 5. Nf3 Bg7 6. Nxd4 cxd4 7. Qf3 e6 8. Nb5 d6 9. Qa3 Bf8 10. Nxd4 Nf6 11. d3 d5 12. Bb5+ Bd7 13. Qa4 dxe4 14. dxe4 Bc5 15. Be3 O-O 16. Bxd7 Nxd7 17. O-O Nb6 18. Qb5 Bxd4 19. Rad1 e5 20. c3 Qh4 21. cxd4 Qxe4 22. dxe5 Rad8 23. Rd6 Nc4 24. Rxd8 Rxd8 25. Bxa7 Nxe5 26. Bb6 Rd2 27. Be3 Rc2 28. Bh6 Ng4 29. Qg5 Nxh6 30. Qxh6 Rxb2 31. a3 Rd2 32. Qxd2 1-0


[Site "https://www.chess.com"]

[Event "Titled Tuesday Blitz April 19 Early 2022"]
[White "Chandratreya, Prachiti"]
[Black "SsanderSseverino"]
[WhiteFideId "46611215"]
[WhiteElo "1737"]
[BlackElo "2520"]
[Result "0-1"]
[Round "06"]
[TimeControl "180+1"]
[Date "2022.04.19"]
[WhiteClock "0:01:24"]
[BlackClock "0:00:21"]

1. e4 e5 2. Nf3 Nc6 3. Bb5 Nge7 4. O-O g6 5. d4 exd4 6. Nxd4 Bg7 7. c3 O-O 8. Be3 d5 9. Bxc6 Nxc6 10. Nxc6 bxc6 11. Nd2 Re8 12. Qa4 Bd7 13. Qc2 dxe4 14. Nb3 Bg4 15. h3 Bf5 16. Rad1 Qh4 17. Nc5 Bxh3 18. gxh3 Qxh3 19. Bd4 Qg4+ 20. Kh1 Qf3+ 21. Kg1 Be5 22. Nxe4 Bh2+ 23. Kxh2 Rxe4 24. Bf6 Qh5+ 25. Kg2 Rg4+ 26. Kf3 Re8 27. Rh1 Rh4+ 28. Kg2 Qg4+ 29. Kf1 Rxh1# 0-1


[Site "https://www.chess.com"]

[Event "Titled Tuesday Blitz April 19 Early 2022"]
[White "Cherniaiev, Tykhon"]
[Black "Horcajuelo Rocamora, Martin"]
[WhiteFideId "14182360"]
[BlackFideId "24573027"]
[WhiteElo "2289"]
[BlackElo "1822"]
[Result "1-0"]
[Round "06"]
[TimeControl "180+1"]
[Date "2022.04.19"]
[WhiteClock "0:00:04"]
[BlackClock "0:00:03"]

1. Nf3 Nf6 2. c4 e6 3. b3 d5 4. Bb2 Nbd7 5. g3 Bd6 6. d4 b6 7. Nbd2 Bb7 8. Bg2 O-O 9. O-O Ne4 10. Nxe4 dxe4 11. Nd2 f5 12. e3 Rc8 13. Rc1 c5 14. d5 exd5 15. cxd5 Be5 16. Qc2 Bxb2 17. Qxb2 Qf6 18. Qa3 Bxd5 19. Qxa7 Ne5 20. Nc4 Bxc4 21. bxc4 Ra8 22. Qb7 Rxa2 23. Rb1 Nd3 24. Rxb6 Qg5 25. Qd5+ Kh8 26. Bxe4 Nxf2 27. Qxf5 Nh3+ 28. Kh1 Qxf5 29. Bxf5 Ng5 30. Rf4 Rd8 31. Rf1 g6 32. Bb1 Re2 33. h4 Nh3 34. Rb7 Kg8 35. Be4 Nf2+ 36. Rxf2 Rxf2 37. Bd5+ Kh8 38. e4 Ra8 39. Rxh7+ Kxh7 40. Bxa8 Kg7 41. Kg1 Rc2 42. Bd5 Kf6 43. g4 Ke5 44. h5 gxh5 45. gxh5 Kf6 46. e5+ Kg5 47. e6 Kxh5 48. Kf1 Rc1+ 49. Kf2 Rc2+ 50. Ke1 Rc3 51. Kd2 Rg3 52. e7 1-0


[Site "https://www.chess.com"]

[Event "Titled Tuesday Blitz April 19 Early 2022"]
[White "Chernobay, Artem"]
[Black "Atanejhad, Sahebali"]
[WhiteFideId "4167406"]
[BlackFideId "12506664"]
[WhiteElo "2473"]
[BlackElo "1953"]
[Result "1-0"]
[Round "06"]
[TimeControl "180+1"]
[Date "2022.04.19"]
[WhiteClock "0:01:10"]
[BlackClock "0:01:04"]

1. e4 c5 2. Nf3 g6 3. d4 cxd4 4. Nxd4 Nc6 5. c4 Nf6 6. Nc3 Nxd4 7. Qxd4 d6 8. Be2 Bg7 9. Be3 O-O 10. Qd2 Be6 11. O-O Qa5 12. Rac1 Rfc8 13. b3 a6 14. f3 b5 15. cxb5 axb5 16. Bd4 Nd7 17. Bxg7 Kxg7 18. Bxb5 Rd8 19. f4 d5 20. f5 Nf6 21. fxe6 d4 22. e5 Nd5 23. Rxf7+ Kh8 24. Qh6 1-0


[Site "https://www.chess.com"]

[Event "Titled Tuesday Blitz April 19 Early 2022"]
[White "Chernomordik, Pavel"]
[Black "Shimelkov, Vasiliy"]
[WhiteFideId "2804530"]
[BlackFideId "13701630"]
[WhiteElo "2220"]
[BlackElo "2073"]
[Result "1-0"]
[Round "06"]
[TimeControl "180+1"]
[Date "2022.04.19"]
[WhiteClock "0:00:05"]
[BlackClock "0:00:07"]

1. e4 c6 2. Nc3 d5 3. Nf3 dxe4 4. Nxe4 Nf6 5. Qe2 Nxe4 6. Qxe4 Nd7 7. Bc4 e6 8. d4 Nf6 9. Qe2 Be7 10. Bf4 Nd5 11. Bd2 O-O 12. O-O-O b5 13. Bd3 a5 14. Ne5 Bb7 15. h4 Bf6 16. h5 Bxe5 17. dxe5 Qc7 18. Qe4 f5 19. exf6 Nxf6 20. Qxe6+ Kh8 21. h6 Rae8 22. hxg7+ Qxg7 23. Qh3 c5 24. Bh6 Qxg2 25. Bxf8 Rxf8 26. Qh6 Qg7 27. Qxg7+ Kxg7 28. Rhg1+ Kh8 29. Bxb5 Ne4 30. Rd7 Bc8 31. Rc7 Nxf2 32. Rf1 Bh3 33. Re1 Bf5 34. Rxc5 h5 35. Rf1 Bg4 36. Bc4 h4 37. Rg5 Rf4 38. Rxf2 Rxc4 39. Rh2 h3 40. b3 Rf4 41. Kd2 Be6 42. Ke3 Rf1 43. Re5 Re1+ 44. Kd4 Rd1+ 45. Kc5 Bg4 46. Rg5 Bd7 47. c4 Kh7 48. Rg3 Kh6 49. Rhxh3+ Bxh3 50. Rxh3+ Kg6 51. Rh2 Kf6 52. Kb5 a4 53. Kxa4 Ke6 54. Kb5 Kd7 55. c5 Rg1 56. b4 Kc7 57. a4 Rg6 58. Rh7+ Kb8 59. c6 Kc8 60. Kb6 1-0


[Site "https://www.chess.com"]

[Event "Titled Tuesday Blitz April 19 Early 2022"]
[White "Chernyavsky, Alexander"]
[Black "Khabinets, Ivan"]
[WhiteFideId "24131156"]
[BlackFideId "14115980"]
[WhiteElo "2292"]
[BlackElo "2114"]
[Result "0-1"]
[Round "06"]
[TimeControl "180+1"]
[Date "2022.04.19"]
[WhiteClock "0:00:14"]
[BlackClock "0:00:51"]

1. d4 d5 2. c4 e6 3. Nc3 a6 4. cxd5 exd5 5. Nf3 Nf6 6. Bg5 Be6 7. e3 Bd6 8. Bd3 h6 9. Bh4 c6 10. Qb3 b5 11. a4 Nbd7 12. O-O O-O 13. Qc2 b4 14. Nb1 c5 15. dxc5 Nxc5 16. Bg3 Rc8 17. Qe2 Nb3 18. Nbd2 Nxa1 19. Rxa1 a5 20. Nd4 Bc5 21. N2b3 Bb6 22. Rd1 Qe7 23. Nf5 Qd7 24. Nd6 Rcd8 25. Nb5 Bf5 26. Bh4 Bxd3 27. Qxd3 Ne4 28. Bxd8 Rxd8 29. N3d4 Rc8 30. f3 Nc5 31. Qd2 Nxa4 32. Rc1 Rxc1+ 33. Qxc1 Nc5 34. Qc2 Ne6 35. Kf2 g6 36. Qc6 Qxc6 37. Nxc6 Kf8 38. Ncd4 Nxd4 39. exd4 Ke7 0-1


[Site "https://www.chess.com"]

[Event "Titled Tuesday Blitz April 19 Early 2022"]
[White "Cramling Bellon, Anna"]
[Black "Aakanksha Hagawane"]
[WhiteFideId "32009232"]
[BlackFideId "25014510"]
[WhiteElo "1905"]
[BlackElo "1971"]
[Result "0-1"]
[Round "06"]
[TimeControl "180+1"]
[Date "2022.04.19"]
[WhiteClock "0:00:01"]
[BlackClock "0:00:22"]

1. d4 Nf6 2. c4 c5 3. d5 e6 4. Nc3 exd5 5. cxd5 d6 6. e4 g6 7. f4 Bg7 8. Bb5+ Nfd7 9. Be2 O-O 10. Nf3 Re8 11. Qc2 a6 12. a4 Bxc3+ 13. bxc3 Nf6 14. O-O Nxe4 15. c4 Bf5 16. Bd3 h5 17. Bb2 Nd7 18. Rae1 Ndf6 19. Bxf6 Nxf6 20. Bxf5 gxf5 21. Qxf5 Rxe1 22. Rxe1 Ne8 23. Qxh5 Ng7 24. Qg4 Qf6 25. h4 Kf8 26. Ng5 Qf5 27. Qe2 Re8 28. Qf2 Rxe1+ 29. Qxe1 Qxf4 30. Qe2 Qxh4 31. Nf3 Qf4 32. Nd2 Qd4+ 33. Kf1 Nf5 34. Nf3 Ng3+ 0-1


[Site "https://www.chess.com"]

[Event "Titled Tuesday Blitz April 19 Early 2022"]
[White "Csonka, Balazs"]
[Black "Avramidou, Anastasia"]
[WhiteFideId "742910"]
[BlackFideId "4239873"]
[WhiteElo "2404"]
[BlackElo "2183"]
[Result "1-0"]
[Round "06"]
[TimeControl "180+1"]
[Date "2022.04.19"]
[WhiteClock "0:00:03"]
[BlackClock "0:00:03"]

1. e4 e6 2. d4 d5 3. Nc3 Bb4 4. e5 c5 5. Bd2 Ne7 6. Nb5 Bxd2+ 7. Qxd2 O-O 8. c3 Nbc6 9. f4 f6 10. Nf3 fxe5 11. fxe5 Nf5 12. Bd3 a6 13. Bxf5 axb5 14. Bd3 cxd4 15. cxd4 Rxf3 16. gxf3 Ra4 17. O-O Rxd4 18. f4 Bd7 19. Rac1 Be8 20. Rxc6 bxc6 21. Bxh7+ Kxh7 22. Qxd4 Bg6 23. Rf3 Bf5 24. b4 Qa8 25. a3 Qa4 26. Rc3 Qa6 27. Qc5 Qc8 28. Qxc6 Qd8 29. Qxb5 d4 30. Rd3 Qh4 31. Rxd4 Qg4+ 32. Kf2 Qh4+ 33. Ke3 Qh3+ 34. Kd2 Qxh2+ 35. Qe2 Qg1 36. Qe3 Qa1 37. Rd3 Qb2+ 38. Ke1 Qb1+ 39. Ke2 Qc2+ 40. Rd2 Qc4+ 41. Kf2 Qc1 42. Re2 Qh1 43. Kg3 Qh6 44. Rh2 1-0


[Site "https://www.chess.com"]

[Event "Titled Tuesday Blitz April 19 Early 2022"]
[White "Cunha, Lucas Aguiar"]
[Black "Warchol, Kamil"]
[WhiteFideId "2125404"]
[BlackFideId "21858241"]
[WhiteElo "2361"]
[BlackElo "1910"]
[Result "0-1"]
[Round "06"]
[TimeControl "180+1"]
[Date "2022.04.19"]
[WhiteClock "0:00:10"]
[BlackClock "0:00:22"]

1. e4 c5 2. Nf3 d6 3. d4 cxd4 4. Qxd4 Nc6 5. Bb5 Bd7 6. Bxc6 Bxc6 7. Bg5 f6 8. Bh4 e5 9. Qd3 d5 10. exd5 Qxd5 11. Qe2 Bc5 12. Nc3 Qf7 13. Ne4 Bb4+ 14. c3 Be7 15. Bg3 Nh6 16. O-O O-O 17. Rfd1 Rfd8 18. b3 Nf5 19. Re1 Rd5 20. Nfd2 Rad8 21. Nc4 b5 22. Na5 Ba8 23. Qg4 g6 24. b4 h5 25. Qh3 Qh7 26. Bh4 g5 27. Bxg5 fxg5 28. Qf3 Qg6 29. a4 Rd3 30. Qe2 Nh4 31. axb5 g4 32. Nc6 Bxc6 33. bxc6 Nf3+ 34. Kh1 Nxe1 35. Rxe1 Qxc6 36. h3 Qg6 37. hxg4 Qxg4 38. f3 Qh4+ 39. Kg1 Qxe1+ 40. Qxe1 Rd1 41. Kf2 Rxe1 42. Kxe1 Kf7 43. Ke2 Ke6 44. g3 Kf5 45. c4 h4 46. gxh4 Bxh4 47. c5 Be7 48. b5 Rc8 49. b6 axb6 50. cxb6 Rb8 51. Kd3 Rxb6 52. Kc4 Rh6 53. Kd3 Rh3 54. Ke2 Rh4 55. Kf2 Rxe4 56. fxe4+ Kxe4 0-1


[Site "https://www.chess.com"]

[Event "Titled Tuesday Blitz April 19 Early 2022"]
[White "D`Arruda, Ricardo D."]
[Black "Plazuelo Pascual, Juan"]
[WhiteFideId "100692"]
[BlackFideId "32059566"]
[WhiteElo "2388"]
[BlackElo "2359"]
[Result "1-0"]
[Round "06"]
[TimeControl "180+1"]
[Date "2022.04.19"]
[WhiteClock "0:00:42"]
[BlackClock "0:00:31"]

1. Nf3 Nf6 2. g3 b6 3. Bg2 Bb7 4. O-O g6 5. d4 Bg7 6. Nc3 O-O 7. Re1 d5 8. Ne5 Nbd7 9. Bf4 c5 10. Nxd7 Qxd7 11. Be5 e6 12. dxc5 bxc5 13. e3 Rfd8 14. Qe2 Rac8 15. Rad1 Qe7 16. Na4 Nd7 17. Bxg7 Kxg7 18. c4 Bc6 19. Nc3 Nb6 20. cxd5 exd5 21. h4 h5 22. b3 Qf6 23. Qc2 Rd6 24. Qc1 Qe5 25. Ne2 Bb7 26. Nf4 Kg8 27. Nd3 Qe7 28. Nxc5 Nd7 29. b4 Nxc5 30. bxc5 Rdc6 31. Rxd5 Rxc5 32. Rxc5 Rxc5 33. Qb2 Bxg2 34. Kxg2 Qe4+ 35. Kg1 Rc2 36. Qb1 g5 37. Re2 Rc4 38. Qxe4 Rxe4 39. hxg5 h4 40. gxh4 Rg4+ 41. Kf1 Rxh4 42. f4 Kg7 43. Rb2 Kg6 44. Kg2 Kf5 45. Kg3 Rh1 46. Rb5+ Ke6 47. Ra5 1-0


[Site "https://www.chess.com"]

[Event "Titled Tuesday Blitz April 19 Early 2022"]
[White "Dang, Hoang Son"]
[Black "Melaugh, Shane"]
[WhiteFideId "12402435"]
[BlackFideId "2509580"]
[WhiteElo "2252"]
[BlackElo "1972"]
[Result "1-0"]
[Round "06"]
[TimeControl "180+1"]
[Date "2022.04.19"]
[WhiteClock "0:00:56"]
[BlackClock "0:00:19"]

1. d4 e6 2. Bf4 f5 3. e3 Nf6 4. h3 Be7 5. Nf3 O-O 6. Nbd2 b6 7. Bc4 Bb7 8. Qe2 d5 9. Bd3 c5 10. c3 Nc6 11. Ne5 Bd6 12. Ba6 Bxa6 13. Qxa6 Bxe5 14. Bxe5 Nxe5 15. dxe5 Nd7 16. f4 c4 17. O-O Nc5 18. Qa3 Qh4 19. Nf3 Qg3 20. Rae1 Qg6 21. Re2 Ne4 22. Rfe1 Nc5 23. Nd4 a5 24. Kh2 h5 25. g3 h4 26. Rg1 hxg3+ 27. Rxg3 Qh6 28. Reg2 Kf7 29. b4 axb4 30. Qxb4 Ne4 31. Rxg7+ Qxg7 32. Rxg7+ Kxg7 33. Nxe6+ Kf7 34. Nxf8 Rxf8 35. Qxb6 Nxc3 36. e6+ Kg8 37. e7 Re8 38. Qg6+ 1-0


[Site "https://www.chess.com"]

[Event "Titled Tuesday Blitz April 19 Early 2022"]
[White "De Arruda, Leandro Formes"]
[Black "Thomas, Anysia"]
[WhiteFideId "22722009"]
[BlackFideId "670472"]
[WhiteElo "1852"]
[BlackElo "2002"]
[Result "1-0"]
[Round "06"]
[TimeControl "180+1"]
[Date "2022.04.19"]
[WhiteClock "0:00:10"]
[BlackClock "0:00:04"]

1. d4 Nf6 2. Nf3 g6 3. g3 Bg7 4. Bg2 O-O 5. O-O d6 6. Re1 Nbd7 7. e4 c5 8. c3 e5 9. d5 b5 10. a4 b4 11. cxb4 cxb4 12. a5 Nc5 13. Nfd2 Ba6 14. b3 Rc8 15. Nc4 Nb7 16. Bf1 Bxc4 17. Bxc4 Nxa5 18. Ba6 Rxc1 19. Qxc1 Nxb3 20. Qb2 Nxa1 21. Qxa1 Qb6 22. Qa4 Ng4 23. Rf1 f5 24. h3 Nxf2 25. Rxf2 fxe4 26. Qc2 Bh6 27. Kg2 Rxf2+ 28. Qxf2 Qxa6 29. Qc2 Be3 30. h4 b3 31. Qxb3 Qe2+ 32. Kh3 Qf1+ 33. Kh2 Bg1+ 34. Kh1 Bd4+ 35. Kh2 Qg1+ 36. Kh3 Qh1+ 37. Kg4 Qf3+ 38. Qxf3 exf3 39. Kxf3 a5 40. Na3 Kf7 41. Nc4 Ke7 42. Nxa5 h6 43. Ke4 Bf2 44. Kf3 Be1 45. Nc4 g5 46. hxg5 hxg5 47. Kg4 Bf2 48. Nd2 Be3 49. Ne4 Bc1 50. Kf5 Kd7 51. g4 Kc7 52. Ke6 Ba3 53. Kf5 Kb6 54. Nxg5 Kb5 55. Ke4 Kc4 56. Ne6 Bc1 57. g5 Bxg5 58. Nxg5 Kc5 59. Nf7 Kc4 60. Nxd6+ Kb4 61. Kxe5 Kc5 62. Ne4+ Kb6 63. Kd6 Kb7 64. Ke7 1-0


[Site "https://www.chess.com"]

[Event "Titled Tuesday Blitz April 19 Early 2022"]
[White "Demchenko, Anton"]
[Black "Molina, Roberto Junio Brito"]
[WhiteFideId "4160258"]
[BlackFideId "2109450"]
[WhiteElo "2539"]
[BlackElo "2432"]
[Result "1-0"]
[Round "06"]
[TimeControl "180+1"]
[Date "2022.04.19"]
[WhiteClock "0:00:09"]
[BlackClock "0:00:17"]

1. e4 c6 2. d4 d5 3. e5 Bf5 4. Bd3 Bxd3 5. Qxd3 e6 6. c3 c5 7. Ne2 Nc6 8. O-O Qb6 9. a3 c4 10. Qc2 Na5 11. Nd2 O-O-O 12. Rb1 Kb8 13. b3 cxb3 14. Nxb3 Nxb3 15. Rxb3 Qc6 16. a4 Ne7 17. a5 Rd7 18. Ba3 Nc8 19. Bxf8 Rxf8 20. Rfb1 g6 21. Nf4 Rc7 22. Nd3 b6 23. Ra3 Qc4 24. Rb4 Qc6 25. h4 h5 26. Rbb3 Rb7 27. axb6 Rxb6 28. Nc5 Re8 29. Rb4 Re7 30. Rba4 Kc7 31. Qc1 Kb8 32. Kh2 Qb5 33. c4 dxc4 34. Rxc4 Re8 35. Rb3 Qxb3 36. Nxb3 Rxb3 37. d5 exd5 38. Rc5 Rb7 39. Rxd5 Nb6 40. Rd6 Rbe7 41. f4 Rc8 42. Qb2 Kb7 43. Qa2 Rc6 44. Rd8 Rc8 45. Rd4 Rcc7 46. Rd3 Red7 47. Ra3 Kb8 48. Qb3 Re7 49. Ra6 Kb7 50. Ra2 Kb8 51. Qb5 Kb7 52. Rd2 Red7 53. Ra2 Rd5 54. Qa6+ Kb8 55. Re2 Re7 56. Qa3 Rdd7 57. Qb4 Re6 58. Kh3 Kb7 59. g3 Kb8 60. Rc2 Kb7 61. Ra2 Re8 62. Rb2 Rc8 63. Qa5 Rc6 64. Ra2 Kb8 65. Qb5 Rcc7 66. Rb2 Kb7 67. Qb3 Re7 68. Qf3+ Kb8 69. Rd2 Rcd7 70. Ra2 Rc7 71. g4 hxg4+ 72. Kxg4 Re6 73. Qb3 Rec6 74. Rd2 Kb7 75. Rd8 a5 76. Rf8 a4 77. Qf3 Ka6 78. Rd8 Kb5 79. Qe2+ Rc4 80. Rd4 a3 81. Rd3 Kb4 82. Qd2+ Rc3 83. Rd6 Nc4 84. Qd4 a2 85. Rb6+ Ka5 86. Qxc3+ Kxb6 87. Qb3+ Kc5 88. Qxa2 Rb7 89. Qf2+ Kd5 90. Qf3+ Kd4 91. Qxb7 Ne3+ 92. Kg5 1-0


[Site "https://www.chess.com"]

[Event "Titled Tuesday Blitz April 19 Early 2022"]
[White "Derraugh, Geordie"]
[Black "Murthy, Pappu"]
[WhiteFideId "2603950"]
[BlackFideId "2013401"]
[WhiteElo "2116"]
[BlackElo "1934"]
[Result "1/2-1/2"]
[Round "06"]
[TimeControl "180+1"]
[Date "2022.04.19"]
[WhiteClock "0:00:49"]
[BlackClock "0:00:21"]

1. e4 e6 2. d4 d5 3. exd5 exd5 4. Nf3 Nf6 5. Bd3 c5 6. c3 c4 7. Bc2 Bd6 8. b3 cxb3 9. axb3 O-O 10. O-O h6 11. h3 Nc6 12. Be3 Re8 13. Nbd2 Qc7 14. Rc1 Ne4 15. Bb1 Bf5 16. c4 dxc4 17. bxc4 Nxd2 18. Qxd2 Bxb1 19. Rxb1 Rad8 20. Rfc1 b6 21. Qc2 Bf4 22. Bxf4 Qxf4 23. d5 Nd4 24. Nxd4 Qxd4 25. Rd1 Qc5 26. Rb5 Qc7 27. c5 Rxd5 28. Rc1 Rxc5 29. Rxc5 bxc5 30. g3 Rc8 31. Qc4 g6 32. Ra1 Kg7 33. Ra6 Rb8 34. Qc3+ Kh7 35. Qa3 Rb7 36. Ra5 c4 37. Rc5 Rb3 38. Rxc7 Rxa3 39. Rxc4 Kg7 40. Rc7 1/2-1/2


[Site "https://www.chess.com"]

[Event "Titled Tuesday Blitz April 19 Early 2022"]
[White "Dev, Shah"]
[Black "Avalos Parra, Joao"]
[WhiteFideId "35019058"]
[BlackFideId "3402541"]
[WhiteElo "2075"]
[BlackElo "2173"]
[Result "1-0"]
[Round "06"]
[TimeControl "180+1"]
[Date "2022.04.19"]
[WhiteClock "0:01:40"]
[BlackClock "0:00:12"]

1. d4 d5 2. c4 c6 3. Nf3 Nf6 4. g3 Bf5 5. Nc3 h6 6. Bg2 e6 7. O-O Be7 8. Ne5 O-O 9. f4 c5 10. e3 Nc6 11. cxd5 exd5 12. h3 cxd4 13. exd4 Rc8 14. Be3 Ne4 15. g4 Nxc3 16. bxc3 Be4 17. Bxe4 dxe4 18. Qc2 Nxd4 19. Qxe4 Ne2+ 20. Kh2 Nxc3 21. Qxb7 Nd5 22. Rfd1 Rc2+ 23. Kh1 Nxe3 24. Rxd8 Bxd8 25. Qe4 Rc3 26. Qd4 Ra3 27. Qc5 Nc4 28. Qxc4 Rxh3+ 29. Kg2 Re3 30. Rd1 Bb6 31. Rd7 1-0


[Site "https://www.chess.com"]

[Event "Titled Tuesday Blitz April 19 Early 2022"]
[White "Di Nicolantonio, Lucas"]
[Black "Rozman, Levy"]
[WhiteFideId "680460"]
[BlackFideId "2039877"]
[WhiteElo "2381"]
[BlackElo "2376"]
[Result "0-1"]
[Round "06"]
[TimeControl "180+1"]
[Date "2022.04.19"]
[WhiteClock "0:00:07"]
[BlackClock "0:00:13"]

1. f4 b6 2. e4 Bb7 3. Nc3 e6 4. Nf3 d5 5. e5 d4 6. Nb5 c5 7. d3 Nh6 8. a4 a6 9. Na3 Nf5 10. Qe2 Be7 11. Bd2 h5 12. Nc4 Nc6 13. g3 b5 14. Na3 c4 15. Bg2 c3 16. bxc3 dxc3 17. Be3 b4 18. Nc4 h4 19. Bb6 Qd7 20. Qf2 h3 21. Bf1 g5 22. Be2 g4 23. Ng5 Ncd4 24. O-O Nxc2 25. Rad1 Ncd4 26. Ne4 Nxe2+ 27. Qxe2 Kf8 28. Ncd6 Bxd6 29. exd6 Rc8 30. Bc7 Qc6 31. Qf2 c2 32. Rc1 b3 33. Qc5 Qxc5+ 34. Nxc5 Bd5 35. Nd7+ Kg7 36. Nb6 Rcd8 37. Nxd5 exd5 38. Bxd8 Rxd8 39. Rfe1 Nd4 40. Kf2 b2 41. Rxc2 Nxc2 42. Rb1 Nb4 43. Rxb2 Nxd3+ 44. Ke3 Nxb2 0-1


[Site "https://www.chess.com"]

[Event "Titled Tuesday Blitz April 19 Early 2022"]
[White "Wagner, Dinara"]
[Black "Baker, Chris W"]
[WhiteFideId "24157570"]
[BlackFideId "401676"]
[WhiteElo "2216"]
[BlackElo "2208"]
[Result "1-0"]
[Round "06"]
[TimeControl "180+1"]
[Date "2022.04.19"]
[WhiteClock "0:00:53"]
[BlackClock "0:00:15"]

1. d4 Nf6 2. c4 e6 3. Nf3 b6 4. a3 Bb7 5. Nc3 Be7 6. d5 exd5 7. cxd5 O-O 8. e4 d6 9. Bd3 Nbd7 10. Bc2 a5 11. O-O Nc5 12. Nd4 Qd7 13. Nf5 Rfe8 14. Nxe7+ Qxe7 15. f3 h6 16. Kh1 Ba6 17. Re1 Ncd7 18. Be3 Ne5 19. Bd4 Ng6 20. Qd2 Nd7 21. Ba4 Rf8 22. Bb5 Bxb5 23. Nxb5 Nde5 24. Rac1 Rac8 25. Rc2 Qh4 26. Rec1 Nf4 27. Nxd6 cxd6 28. Rxc8 Rxc8 29. Rxc8+ Kh7 30. Be3 Nxf3 31. gxf3 Qh3 32. Qf2 Nd3 33. Qe2 Qxc8 34. Qxd3 Qh3 35. Bxb6 1-0


[Site "https://www.chess.com"]

[Event "Titled Tuesday Blitz April 19 Early 2022"]
[White "Dorokhin, Mykhailo"]
[Black "Yurovskykh, Oleksandr"]
[WhiteFideId "14114178"]
[BlackFideId "14134020"]
[WhiteElo "2280"]
[BlackElo "2292"]
[Result "0-1"]
[Round "06"]
[TimeControl "180+1"]
[Date "2022.04.19"]
[WhiteClock "0:00:02"]
[BlackClock "0:00:10"]

1. d4 d5 2. Nf3 Nf6 3. Bf4 c5 4. c3 Nc6 5. e3 Qb6 6. Qb3 c4 7. Qc2 Bf5 8. Qc1 e6 9. Be2 h6 10. Bd1 Qd8 11. Bc2 Bd6 12. Bxd6 Qxd6 13. O-O O-O 14. Nbd2 b5 15. Re1 Bxc2 16. Qxc2 Rab8 17. e4 Qc7 18. exd5 Nxd5 19. Ne4 b4 20. Nc5 Rb6 21. Rac1 bxc3 22. bxc3 Nf4 23. g3 Nd3 24. Nxd3 cxd3 25. Qxd3 Rb2 26. a4 Rfb8 27. d5 exd5 28. Qxd5 Rd8 29. Qc4 Qb6 30. Rf1 Na5 31. Qg4 Nb3 32. Rb1 Nc5 33. Rxb2 Qxb2 34. Qc4 Ne6 35. Ne5 Qb7 36. Nc6 Re8 37. Qb5 Qc7 38. Nb4 Rc8 39. Nd5 Qc5 40. Qxc5 Rxc5 41. Rd1 g6 42. Kf1 Kg7 43. f4 Rc4 44. a5 Ra4 45. Ke2 Rxa5 46. c4 Ra2+ 47. Rd2 Ra3 48. Ne3 Nc5 49. Rc2 a5 50. f5 Ra1 51. fxg6 fxg6 0-1


[Site "https://www.chess.com"]

[Event "Titled Tuesday Blitz April 19 Early 2022"]
[White "Dreev, Aleksey"]
[Black "Karolczuk, Iwo"]
[WhiteFideId "4100107"]
[BlackFideId "21816972"]
[WhiteElo "2625"]
[BlackElo "2277"]
[Result "0-1"]
[Round "06"]
[TimeControl "180+1"]
[Date "2022.04.19"]
[WhiteClock "0:00:11"]
[BlackClock "0:00:09"]

1. d4 Nf6 2. Nf3 g6 3. Bf4 Bg7 4. e3 O-O 5. Be2 b6 6. O-O Bb7 7. h3 d6 8. c4 Nbd7 9. Nc3 Ne4 10. Nxe4 Bxe4 11. Bg5 Bb7 12. Rc1 c5 13. Qd2 cxd4 14. exd4 Nf6 15. Bh6 Rc8 16. b3 Qd7 17. Bxg7 Kxg7 18. Rfe1 Rfe8 19. a4 e5 20. d5 Ne4 21. Qe3 f5 22. Bd3 Nc5 23. Bc2 a5 24. Qc3 h6 25. Rb1 Na6 26. Rbd1 Nb4 27. Bb1 Qf7 28. Qe3 Rc5 29. h4 Qf6 30. Nd4 Bc8 31. h5 g5 32. g4 e4 33. gxf5 Bxf5 34. Nxf5+ Qxf5 35. Bxe4 Qg4+ 36. Kf1 Rc7 37. Bf5 Qxf5 38. Qxe8 Qh3+ 39. Ke2 Qg4+ 40. Kf1 Qh3+ 41. Ke2 Qg4+ 42. f3 Qg2+ 43. Ke3 Nc2+ 44. Kd3 Nxe1+ 45. Rxe1 Qxf3+ 46. Re3 Qd1+ 47. Kc3 Qc1+ 48. Kd3 Qd1+ 49. Kc3 Qc1+ 50. Kd4 Qd2+ 51. Rd3 Qf4+ 52. Kc3 Qc1+ 53. Kd4 Rf7 54. Re3 Qd2+ 55. Rd3 Rf4+ 0-1


[Site "https://www.chess.com"]

[Event "Titled Tuesday Blitz April 19 Early 2022"]
[White "Dubov, Daniil"]
[Black "Shirov, Alexei"]
[WhiteFideId "24126055"]
[BlackFideId "2209390"]
[WhiteElo "2791"]
[BlackElo "2678"]
[Result "1/2-1/2"]
[Round "06"]
[TimeControl "180+1"]
[Date "2022.04.19"]
[WhiteClock "0:00:31"]
[BlackClock "0:01:28"]

1. e4 e5 2. Nf3 Nc6 3. Nc3 Nf6 4. d4 exd4 5. Nxd4 Bb4 6. Nxc6 bxc6 7. Bd3 d5 8. exd5 cxd5 9. O-O O-O 10. Bg5 Be6 11. h3 c5 12. Qf3 h6 13. Bh4 c4 14. Be2 Bxc3 15. bxc3 g5 16. Bg3 Ne4 17. Rad1 Qe7 18. Rfe1 Rae8 19. Bf1 f5 20. Be5 Qh7 21. Bd4 f4 22. Qh5 Bf7 23. Qf3 Be6 24. Qh5 Bf7 25. Qf3 Be6 1/2-1/2


[Site "https://www.chess.com"]

[Event "Titled Tuesday Blitz April 19 Early 2022"]
[White "Dwilewicz, Katarzyna"]
[Black "Alinasab, Mobina"]
[WhiteFideId "1148486"]
[BlackFideId "12528897"]
[WhiteElo "1907"]
[BlackElo "2031"]
[Result "0-1"]
[Round "06"]
[TimeControl "180+1"]
[Date "2022.04.19"]
[WhiteClock "0:00:19"]
[BlackClock "0:00:04"]

1. e4 c5 2. Nf3 d6 3. d4 cxd4 4. Nxd4 Nf6 5. Nc3 a6 6. g3 Bd7 7. Bg2 Nc6 8. O-O Rc8 9. Nd5 e6 10. Nxf6+ Qxf6 11. Nxc6 Bxc6 12. c3 Be7 13. Be3 O-O 14. f4 Rfd8 15. Qd2 d5 16. e5 Qg6 17. Bb6 Rd7 18. Rad1 Bb5 19. Rfe1 Bc5+ 20. Bxc5 Rxc5 21. Qe3 Rc8 22. Rd2 h6 23. Bf3 Qf5 24. Bd1 Qg6 25. Bc2 Qg4 26. Kg2 d4 27. Rxd4 Bc6+ 28. Be4 Rxd4 29. Qxd4 Qf5 30. Bxc6 Rxc6 31. Re2 Qb1 32. a3 Qa2 33. Rd2 Qb3 34. h4 Rc8 35. h5 Qa2 36. Qd7 Qc4 37. Qd4 Qc6+ 38. Kf2 Qh1 39. Qe3 Qh2+ 40. Ke1 Qh1+ 41. Ke2 Qxh5+ 42. Qf3 Qh2+ 43. Ke3 Qg1+ 44. Qf2 Qb1 45. Rd7 Rc4 46. Rd8+ Kh7 47. Rd4 Rxd4 48. Kxd4 Qd1+ 49. Kc4 Qd5+ 50. Kb4 Qb5# 0-1


[Site "https://www.chess.com"]

[Event "Titled Tuesday Blitz April 19 Early 2022"]
[White "Ezat, Mohamed"]
[Black "Timofeev, Artyom"]
[WhiteFideId "10600906"]
[BlackFideId "4140419"]
[WhiteElo "2386"]
[BlackElo "2594"]
[Result "0-1"]
[Round "06"]
[TimeControl "180+1"]
[Date "2022.04.19"]
[WhiteClock "0:00:11"]
[BlackClock "0:00:40"]

1. d4 Nf6 2. Nf3 g6 3. Nbd2 d5 4. e3 Bg7 5. b4 O-O 6. c4 c6 7. a4 Bg4 8. Bb2 Nbd7 9. Be2 a5 10. b5 c5 11. O-O cxd4 12. Bxd4 Rc8 13. Rc1 e6 14. h3 Bxf3 15. Nxf3 Qe7 16. Qb3 dxc4 17. Rxc4 Rxc4 18. Qxc4 Nd5 19. Bxg7 Kxg7 20. Qd4+ Kg8 21. Qa7 b6 22. Nd4 Nc5 23. Qxe7 Nxe7 24. Bd1 Rc8 25. Bc2 e5 26. Ne2 Nd5 27. Rc1 Nb4 28. Bd1 Rd8 29. Nc3 f5 30. Kf1 Kg7 31. g3 e4 32. h4 Kf6 33. Kg1 Rd2 34. Be2 Ke5 35. Kf1 Nbd3 36. Rb1 Rc2 37. Nd1 Nxa4 38. f4+ Kd5 39. Bxd3 exd3 40. Nf2 Nc5 41. Nh3 h6 42. Nf2 Kc4 43. h5 gxh5 44. Kg1 d2 45. Rd1 Rc1 46. Kf1 Rxd1+ 47. Nxd1 a4 0-1


[Site "https://www.chess.com"]